 Dungeon Crawl Stone Soup version 0.28-a0-674-gdaf460b524 (webtiles) character file.

Game seed: 10282821045049535838

320 kipponium the Poker (level 6, -4/47 HPs)
             Began as a Formicid Fighter on Oct 17, 2021.
             Killed by nerve-wracking pain
             ... invoked by an orc priest
              (7 damage)
             ... on level 4 of the Dungeon.
             The game lasted 00:07:00 (2747 turns).

kipponium the Poker (Formicid Fighter)              Turns: 2747, Time: 00:07:01

Health: -4/47      AC: 12    Str: 22    XL:     6   Next: 75%
Magic:  6/6        EV:  9    Int:  8    God:
Gold:   60         SH:  6    Dex: 10    Spells: 5/5 levels left

rFire   . . .      SeeInvis +   a - +0 trident
rCold   . . .      Faith    .   f - +2 buckler
rNeg    . . .      Spirit   .   b - +0 scale mail
rPois   .          Reflect  .   (helmet unavailable)
rElec   .          Harm     .   c - +0 cloak
rCorr   .          Rampage  .   (no gloves)
Will    .....                   (no boots)
Stlth   ..........              (no amulet)
HPRegen 0.15/turn               l - +4 ring of protection
MPRegen 0.10/turn               (no ring)

@: no status effects
A: permanent stasis, dig shafts and tunnels, antennae 3, four strong arms
a: Dig, Shaft Self


You were on level 4 of the Dungeon.
You visited 1 branch of the dungeon, and saw 4 of its levels.

You collected 60 gold pieces.

Inventory:

Hand Weapons
 a - a +0 trident (weapon)
Missiles
 h - 2 throwing nets
Armour
 b - a +0 scale mail (worn)
 c - a +0 cloak (worn)
 f - a +2 buckler (worn)
Jewellery
 l - a +4 ring of protection (left hand)
Scrolls
 i - a scroll of amnesia
 j - a scroll of enchant weapon
 k - a scroll of identify
Potions
 d - a potion of flight
 e - a potion of cancellation
 g - a potion of attraction


   Skills:
 - Level 3.2 Fighting
 + Level 6.6 Polearms
 - Level 3.2 Armour
 - Level 3.6 Shields


You had 5 spell levels left.
You didn't know any spells.
Your spell library contained the following spells:

 Spells                   Type           Power      Damage    Failure   Level
 Gell's Gravitas          Tloc           0%         N/A       98%         3
 Lesser Beckoning         Tloc           0%         N/A       98%         3
 Teleport Other           Tloc           0%         N/A       98%         3


Dungeon Overview and Level Annotations

Branches:
Dungeon (4/15)
 Temple: D:4-7

Altars:

Shops:
D:1 [

Annotations:
D:3 1 runed translucent door, Crazy Yiuf


Innate Abilities, Weirdness & Mutations

You cannot be hasted, slowed, berserked, paralysed or teleported.
You can dig through walls and to a lower floor.
You have a pair of large antennae on your head. (SInv)
Your four strong arms can wield two-handed weapons with a shield.


Message History

The orc priest hits you with a +0 flail!
You block the gnoll's attack.
You barely miss the orc priest.
The orc priest is moderately wounded.
The orc priest hits you but does no damage.
The gnoll barely misses you.
You hit the orc priest but do no damage.
The orc priest is moderately wounded.
The orc priest misses you. The gnoll hits you but does no damage.
You barely miss the orc priest.
The orc priest is moderately wounded.
The orc priest miscasts a cantrip.
The gnoll barely misses you.
You barely miss the orc priest.
The orc priest is moderately wounded.
The orc priest hits you but does no damage.
The gnoll closely misses you.
You hit the orc priest.
The orc priest is heavily wounded.
The orc priest hits you with a +0 flail.
You block the gnoll's attack.
You closely miss the orc priest.
The orc priest is heavily wounded.
The orc priest hits you but does no damage.
The gnoll hits you with a +0 flail.
You closely miss the orc priest.
The orc priest is heavily wounded.
The orc priest barely misses you. You block the gnoll's attack.
You barely miss the orc priest.
The orc priest is heavily wounded.
The orc priest hits you with a +0 flail.
* * * LOW HITPOINT WARNING * * *
The gnoll hits you with a +0 flail.
* * * LOW HITPOINT WARNING * * *
Okay, then.
The gnoll hits you with a +0 flail.
* * * LOW HITPOINT WARNING * * *
The orc priest calls down the wrath of Beogh upon you.
Pain shoots through your body!
You die...

#.#..# #...#
#.#.>.. +...##
#.##########....#
#.# #..........#
#.# ##.#..#.o...#
#.# #......†.#g##
#.# #......)<#.#
#.# #.#)#..†.#.#
####.# #.#....@.#
.....###.#.#....#.#
###......#.#....###
#.######.#....#
#.######.#...##
#.....†..#...#
##############


You could see an orc priest and a gnoll.

Vanquished Creatures
  Grinder (D:3)
  A centaur skeleton (D:3)
  2 adders
  A worm (D:2)
  A dart slug (D:4)
  8 orcs
  7 bats
  4 endoplasms
  6 giant cockroaches
  7 goblins
  2 hobgoblins (D:1)
  5 jackals (D:1)
  3 quokkas
  4 ball pythons
  4 frilled lizards
  6 kobolds
  6 rats
68 creatures vanquished.

Vanquished Creatures (others)
  A fungus (D:3)
1 creature vanquished.

Grand Total: 69 creatures vanquished

Notes
Turn   | Place    | Note
-------+----------+-------------------------------------------
     0 | D:1      | kipponium the Formicid Fighter began the quest for the Orb.
     0 | D:1      | Reached XP level 1. HP: 18/18 MP: 1/1
    83 | D:1      | Reached XP level 2. HP: 24/24 MP: 2/2
   137 | D:1      | Reached skill level 3 in Polearms
   162 | D:1      | Reached XP level 3. HP: 19/29 MP: 3/3
   290 | D:1      | Found a faded altar of an unknown god.
   331 | D:1      | Found Hatuip's Armour Shop.
   970 | D:2      | Reached skill level 4 in Polearms
   970 | D:2      | Reached XP level 4. HP: 35/35 MP: 4/4
  1566 | D:3      | Noticed Grinder
  1584 | D:3      | HP: 1/35 [Grinder (5)]
  1921 | D:3      | Killed Grinder
  1922 | D:3      | Reached skill level 6 in Polearms
  1922 | D:3      | Reached XP level 5. HP: 8/41 MP: 5/5
  1922 | D:3      | Reached XP level 6. HP: 9/47 MP: 6/6
  2304 | D:3      | Found a runed translucent door.
  2305 | D:3      | Noticed Crazy Yiuf
  2747 | D:4      | Killed from afar by an orc priest

Illustrated notes

Levels and vault maps discovered:
D:1:      dpeg_arrival_brainrot, layout_rooms, serial_shops, shop_fountains,
          hellmonk_ecumenical_altar_heavens_door, minmay_misc_feat_tower,
          st_stairs_14, minmay_misc_feat_enclosed
D:2:      layout_basic
D:3:      layout_basic, uniq_grinder, uniq_crazy_yiuf_cottage
D:4:      layout_basic

Skill      XL: |  1  2  3  4 |
---------------+-------------+-----
Polearms       | 3 4 6 |  6.6
Fighting       | |  3.2
Armour         | |  3.2
Shields        | |  3.6

Action                   |  1- 3 |  4- 6 || total
-------------------------+-------+-------++-------
Melee: Trident           |    95 |   131 ||   226
  Use: Potion            |       |     8 ||     8
       Scroll            |       |     7 ||     7
Armor: Scale mail        |    40 |    43 ||    83
Dodge: Dodged            |    35 |    38 ||    73
Block: Buckler           |    19 |    24 ||    43

Table legend: (Time is in decaauts)
 A = Elapsed time spent in this place.
 B = Non-inter-level travel time spent in this place.
 C = Inter-level travel time spent in this place.
 D = Time resting spent in this place.
 E = Time spent auto-exploring this place.
 F = Levels seen in this place.
 G = Mean time per level.
                   A        B        C        D        E       F      G
               +--------+--------+--------+--------+--------+-----+--------+
         Total |   2765 |   2669 |     96 |    593 |   1460 |   4 |  691.2 |
       Dungeon |   2765 |   2669 |     96 |    593 |   1460 |   4 |  691.2 |
               +--------+--------+--------+--------+--------+-----+--------+

Top non-repeatable levels by time:
     D:3: 973 daAuts
     D:1: 768 daAuts
     D:2: 719 daAuts
     D:4: 304 daAuts
